 Dungeon Crawl Stone Soup version 0.27-a0-1191-g601b473118 (webtiles) character file.

Game seed: 5356734909415687713

39 senseless the Skirmisher (level 3, -6/30 HPs)
             Began as a Demonspawn Monk on May 24, 2021.
             Was a Believer of Trog.
             Mangled by an iron imp (9 damage)
             ... summoned by Natasha
             ... on level 2 of the Dungeon.
             The game lasted 00:02:27 (1271 turns).

senseless the Skirmisher (Demonspawn Monk)          Turns: 1271, Time: 00:02:27

Health: -6/30      AC:  3    Str: 12    XL:     3   Next: 28%
Magic:  3/3        EV: 13    Int: 11    God:    Trog [**....]
Gold:   54         SH:  0    Dex: 21    Spells: 2/2 levels left

rFire    . . .     SeeInvis .     - Unarmed
rCold    . . .     Faith    .   (no shield)
rNeg     . . .     Spirit   .   a - +1 robe
rPois    .         Reflect  .   (no helmet)
rElec    .         Harm     .   (no cloak)
rCorr    .         Rampage  .   (no gloves)
Will     .....                  (no boots)
Stlth    ++........             (no amulet)
HPRegen  0.10/turn              c - +6 ring of dexterity
MPRegen  0.08/turn              (no ring)

@: slowed, very slow
A: powered by death 2
a: Renounce Religion, Berserk, Trog's Hand


You were on level 2 of the Dungeon.
You worshipped Trog.
Trog was pleased with you.
You visited 1 branch of the dungeon, and saw 2 of its levels.

You collected 54 gold pieces.

Inventory:

Armour
 a - a +1 robe (worn)
Jewellery
 c - a +6 ring of dexterity (left hand)
Scrolls
 b - a scroll of magic mapping
Potions
 d - a potion of curing {unknown}


   Skills:
 * Level 3.8 Fighting
 + Level 3.0 Dodging
 - Level 1.7 Stealth
 + Level 3.0 Unarmed Combat


You had 2 spell levels left.
You didn't know any spells.
Your spell library contained the following spells:

 Spells                   Type           Power      Damage    Failure   Level
 Animate Skeleton         Necr           0%         N/A       34%         1
 Pain                     Necr           0%         1d4       34%         1
 Vampiric Draining        Necr           0%         2d6       71%         3
 Animate Dead             Necr           0%         N/A       98%         4
 Agony                    Necr           0%         N/A       100%        5


Dungeon Overview and Level Annotations

Branches:
Dungeon (2/15)

Altars:
Trog

Shops:
D:1 =

Annotations:
D:2 Natasha


Innate Abilities, Weirdness & Mutations

You regenerate health from kills.


Message History

No target in view!
Natasha, Servant of Life and Death comes into view.
Found a stone staircase leading down.
No target in view!
Natasha hisses angrily.
Natasha claws you but does no damage.
Found 19 stones.
You closely miss Natasha. You hit Natasha.
Natasha is moderately wounded.
Natasha mumbles some strange words.
You hit Natasha. You punch Natasha.
Natasha is heavily wounded.
Natasha barely misses you.
You barely miss Natasha.
Natasha is heavily wounded.
Natasha mumbles some strange words.
You hit Natasha.
Natasha is severely wounded.
Natasha closely misses you.
You closely miss Natasha.
Natasha is severely wounded.
Natasha claws you. The iron imp hits you.
You completely miss Natasha.
Natasha is severely wounded.
Natasha claws you. The iron imp barely misses you.
You closely miss Natasha.
Natasha is severely wounded.
Natasha casts a spell at you.
You feel yourself slow down. The iron imp hits you.
You hit Natasha but do no damage.
Natasha is severely wounded.
Natasha claws you. The iron imp hits you!
* * * LOW HITPOINT WARNING * * *
Natasha claws you.
* * * LOW HITPOINT WARNING * * *
You hit Natasha.
Natasha is severely wounded.
Natasha closely misses you. The iron imp hits you!
You die...

#.#.# ## ..#.# #..
###.## #.# #..# ##.###
####.# .>..# . #.##.#
##.#.# #..
...#.#########....##....
...............5........
.......#######..@.......
#.##.#.# ##.#h####.(
####.#.# ###5# #...#.#
.# #.###.# .. #.# #.# #.
##.###.# .# .......# ##
##.#####


You could see 2 iron imps and Natasha.

Vanquished Creatures
  2 dart slugs (D:1)
  3 bats (D:1)
  4 endoplasms
  2 giant cockroaches (D:1)
  2 goblins
  4 hobgoblins
  4 jackals (D:1)
  2 ball pythons (D:1)
  3 frilled lizards (D:1)
  2 kobolds (D:1)
  4 rats (D:1)
32 creatures vanquished.

Notes
Turn   | Place    | Note
-------+----------+-------------------------------------------
     0 | D:1      | senseless the Demonspawn Monk began the quest for the Orb.
     0 | D:1      | Reached XP level 1. HP: 18/18 MP: 1/1
   476 | D:1      | Gained mutation: You regenerate a little health from kills.
                  | [demonic ancestry]
   476 | D:1      | Reached XP level 2. HP: 12/24 MP: 2/2
   692 | D:1      | Found Leygg's Jewellery Emporium.
   845 | D:1      | Gained mutation: You regenerate health from kills. [demonic
                  | ancestry]
   845 | D:1      | Reached XP level 3. HP: 25/29 MP: 3/3
   957 | D:1      | Found a faded altar of an unknown god.
   965 | D:1      | Became a worshipper of Trog the Wrathful
   965 | D:1      | Reached * piety under Trog
   965 | D:1      | Reached ** piety under Trog
  1257 | D:2      | Noticed Natasha
  1271 | D:2      | Mangled by an iron imp

Illustrated notes

Levels and vault maps discovered:
D:1:      sevenhm_arrival_forest_fort_large_1, layout_rooms, serial_shops, shop,
          shapermc_ecumenical_altar_notcrosses, st_stairs_4, minmay_pentomino_s2
D:2:      cheibrodos_helix_gallery, layout_loops_corners, basic_altar,
          uniq_natasha, uniq_robin

Skill      XL: |  1  2 |
---------------+-------+-----
Unarmed Combat | 3 |  3.0
Dodging        | 3 |  3.0
Fighting       | |  3.8
Stealth        | |  1.7

Action                   || total
-------------------------++-------
Melee: Unarmed           ||   137
       Punch             ||     4
  Use: Scroll            ||     4
 Stab: Sleeping          ||     5
Armor: Robe              ||    29
Dodge: Dodged            ||    97

Table legend: (Time is in decaauts)
 A = Elapsed time spent in this place.
 B = Non-inter-level travel time spent in this place.
 C = Inter-level travel time spent in this place.
 D = Time resting spent in this place.
 E = Time spent auto-exploring this place.
 F = Levels seen in this place.
 G = Mean time per level.
                   A        B        C        D        E       F      G
               +--------+--------+--------+--------+--------+-----+--------+
         Total |   1269 |   1266 |      3 |      4 |   1003 |   2 |  634.5 |
       Dungeon |   1269 |   1266 |      3 |      4 |   1003 |   2 |  634.5 |
               +--------+--------+--------+--------+--------+-----+--------+

Top non-repeatable levels by time:
     D:1: 1038 daAuts
     D:2: 230 daAuts
